| TOP OF THE 1ST |
|
Detroit Red Wings batting - Pitching for London Majors : RHP Shalom Diender
|
|
Pitching: RHP Shalom Diender
|
|
|
Batting: RHB Janne Vihko
|
0-0: Called Strike 0-1: Ground out 5-3 (Groundball, 5L, EV 100.6 MPH)
|
|
Batting: RHB Jorge Lebron
|
0-0: Swinging Strike 0-1: Called Strike 0-2: Ball 1-2: Fly out, F8 (Flyball, 8RS, EV 86.9 MPH)
|
|
Batting: SHB Franklin Garza
|
0-0: Ball 1-0: Ball 2-0: Foul Ball, location: 2F 2-1: Swinging Strike 2-2: Strikes out swinging
|
| Top of the 1st over - 0 runs, 0 hits, 0 errors, 0 left on base; Detroit 0 - London 0 |
| BOTTOM OF THE 1ST |
|
London Majors batting - Pitching for Detroit Red Wings : LHP Jim Belcher
|
|
Pitching: LHP Jim Belcher
|
|
|
Batting: RHB Pete Duncan
|
0-0: Called Strike 0-1: Called Strike 0-2: Ball 1-2: Foul Ball, location: 2F 1-2: Ball 2-2: Fly out, F8 (Flyball, 78M, EV 88.8 MPH)
|
|
Batting: RHB Jorge Cruz
|
0-0: SINGLE (Groundball, 56D, EV 101.2 MPH)
|
|
Batting: RHB Mark Noftall
|
0-0: Called Strike 0-1: Ball 1-1: Ball 2-1: Called Strike 2-2: Ball 3-2: Fly out, F8 (Flyball, 8RM, EV 89.4 MPH)
|
|
Batting: RHB Jake Bronner
|
0-0: Ball 1-0: Fly out, F7 (Line Drive, 7LS, EV 88.8 MPH)
|
| Bottom of the 1st over - 0 runs, 1 hit, 0 errors, 1 left on base; Detroit 0 - London 0 |
| TOP OF THE 2ND |
|
Detroit Red Wings batting - Pitching for London Majors : RHP Shalom Diender
|
|
Batting: LHB Iestyn Peacock
|
0-0: Called Strike 0-1: Ground out 4-3 (Groundball, 34D, EV 102.5 MPH)
|
|
Batting: SHB Isaiah Bias
|
0-0: Called Strike 0-1: Swinging Strike 0-2: Strikes out looking
|
|
Batting: RHB Seth Fox
|
0-0: Called Strike 0-1: Ball 1-1: Called Strike 1-2: SINGLE (Line Drive, 8LS, EV 91.9 MPH)
|
|
Batting: SHB Salvador Lacosta
|
0-0: Ball Seth Fox steals 2nd base (no throw) 1-0: Foul Ball, location: 2F 1-1: Foul Ball, location: 2F 1-2: Strikes out swinging
|
| Top of the 2nd over - 0 runs, 1 hit, 0 errors, 1 left on base; Detroit 0 - London 0 |
| BOTTOM OF THE 2ND |
|
London Majors batting - Pitching for Detroit Red Wings : LHP Jim Belcher
|
|
Batting: RHB Luis Vargas
|
0-0: Called Strike 0-1: SOLO HOME RUN (Flyball, 7LD, EV 91.2 MPH), Distance : 338 ft
|
|
Batting: RHB Mikey Sano
|
0-0: Ground out 4-3 (Groundball, 4, EV 95.6 MPH)
|
|
Batting: RHB Bobby Roldan
|
0-0: Called Strike 0-1: Ball 1-1: Ball 2-1: SINGLE (Groundball, 4MD, EV 97.5 MPH)
|
|
Batting: RHB Rudolph Lentz
|
0-0: Ball Bobby Roldan is caught stealing 2nd base 2-4 1-0: Fly out, F8 (Flyball, 8RM, EV 82.5 MPH)
|
| Bottom of the 2nd over - 1 run, 2 hits, 0 errors, 0 left on base; Detroit 0 - London 1 |
| TOP OF THE 3RD |
|
Detroit Red Wings batting - Pitching for London Majors : RHP Shalom Diender
|
|
Batting: RHB Dustin Bursell
|
0-0: Ground out 5-3 (Groundball, 56, EV 85.0 MPH)
|
|
Batting: RHB Carlos Avila
|
0-0: Ball 1-0: Swinging Strike 1-1: Called Strike 1-2: Fly out, F8 (Line Drive, 8RD, EV 88.8 MPH)
|
|
Batting: RHB Janne Vihko
|
0-0: Foul Ball, location: 2F 0-1: Ball 1-1: Foul Ball, location: 2F 1-2: Strikes out swinging
|
| Top of the 3rd over - 0 runs, 0 hits, 0 errors, 0 left on base; Detroit 0 - London 1 |
| BOTTOM OF THE 3RD |
|
London Majors batting - Pitching for Detroit Red Wings : LHP Jim Belcher
|
|
Batting: RHB Manny Elizondo
|
0-0: Ball 1-0: Ball 2-0: SOLO HOME RUN (Flyball, 7D, EV 96.9 MPH), Distance : 378 ft
|
|
Batting: RHB Pete Duncan
|
0-0: SINGLE (Groundball, 4MD, EV 101.9 MPH)
|
|
Batting: RHB Jorge Cruz
|
0-0: Ball 1-0: Ball 2-0: Ball 3-0: Called Strike 3-1: 2-RUN HOME RUN (Line Drive, 78XD, EV 111.2 MPH), Distance : 432 ft
|
|
Batting: RHB Mark Noftall
|
0-0: Called Strike 0-1: Foul Ball, location: 2F 0-2: Ball 1-2: Ground out 6-3 (Groundball, 6, EV 77.5 MPH)
|
|
Batting: RHB Jake Bronner
|
0-0: TRIPLE (Flyball, 78XD, EV 97.5 MPH)
|
|
Pinch Runner at 3rd Mike Chamberlain:
|
|
|
Batting: RHB Luis Vargas
|
0-0: Ball 1-0: Called Strike 1-1: Ball Steal of home, Mike Chamberlain is safe 2-1: Fly out, F4 (Popup, 4, EV 62.5 MPH)
|
|
Batting: RHB Mikey Sano
|
0-0: Fly out, F9 (Flyball, 9D, EV 103.1 MPH)
|
| Bottom of the 3rd over - 4 runs, 4 hits, 0 errors, 0 left on base; Detroit 0 - London 5 |
| TOP OF THE 4TH |
|
Detroit Red Wings batting - Pitching for London Majors : RHP Shalom Diender
|
|
Now in CF: Mike Chamberlain
|
|
|
Batting: RHB Jorge Lebron
|
0-0: SINGLE (Groundball, 6D, EV 108.1 MPH)
|
|
Batting: SHB Franklin Garza
|
0-0: Ball 1-0: Swinging Strike 1-1: Ball 2-1: Swinging Strike 2-2: Ball 3-2: Foul Ball, location: 2F 3-2: Strikes out looking
|
|
Batting: LHB Iestyn Peacock
|
0-0: Fly out, F7 (Flyball, 7, EV 90.6 MPH)
|
|
Batting: SHB Isaiah Bias
|
0-0: Called Strike 0-1: Swinging Strike 0-2: Ground out 4-3 (Groundball, 34S, EV 94.4 MPH)
|
| Top of the 4th over - 0 runs, 1 hit, 0 errors, 1 left on base; Detroit 0 - London 5 |
| BOTTOM OF THE 4TH |
|
London Majors batting - Pitching for Detroit Red Wings : LHP Jim Belcher
|
|
Batting: RHB Bobby Roldan
|
0-0: Ball 1-0: Ball 2-0: Foul Ball, location: 2F 2-1: Ball 3-1: Base on Balls
|
|
Batting: RHB Rudolph Lentz
|
0-0: Ball 1-0: Ball 2-0: Ball 3-0: Called Strike 3-1: Foul Ball, location: 2F 3-2: Fielders Choice at 2nd, 1-6 (Groundball, 13, EV 68.8 MPH)
|
|
Batting: RHB Manny Elizondo
|
0-0: Foul Ball, location: 2F 0-1: Ball 1-1: Ball 2-1: Fly out, F9 (Line Drive, 89M, EV 90.6 MPH)
|
|
Batting: RHB Pete Duncan
|
0-0: Ball 1-0: Fielders Choice at 2nd, 6-4 (Groundball, 6, EV 80.6 MPH)
|
| Bottom of the 4th over - 0 runs, 0 hits, 0 errors, 1 left on base; Detroit 0 - London 5 |
| TOP OF THE 5TH |
|
Detroit Red Wings batting - Pitching for London Majors : RHP Shalom Diender
|
|
Batting: RHB Seth Fox
|
0-0: Ball 1-0: Foul Ball, location: 2F 1-1: SINGLE (Groundball, 56D, EV 100.6 MPH)
|
|
Batting: SHB Salvador Lacosta
|
0-0: Called Strike 0-1: Swinging Strike 0-2: Ball 1-2: Ball 2-2: Ball 3-2: Strikes out looking Seth Fox steals 2nd base (no throw) Batter strikes out.
|
|
Batting: RHB Dustin Bursell
|
0-0: Called Strike 0-1: Foul Ball, location: 2F 0-2: Ball 1-2: Fly out, F8 (Flyball, 8RD, EV 95.6 MPH)
|
|
Batting: RHB Carlos Avila
|
0-0: Ball 1-0: Called Strike 1-1: Foul Ball, location: 2F 1-2: Foul Ball, location: 2F 1-2: Ground out 5-3 (Groundball, 56, EV 85.0 MPH)
|
| Top of the 5th over - 0 runs, 1 hit, 0 errors, 1 left on base; Detroit 0 - London 5 |
| BOTTOM OF THE 5TH |
|
London Majors batting - Pitching for Detroit Red Wings : LHP Jim Belcher
|
|
Batting: RHB Jorge Cruz
|
0-0: Ball 1-0: Called Strike 1-1: Called Strike 1-2: Foul Ball, location: 2F 1-2: Fly out, F5 (Popup, 25, EV 92.5 MPH)
|
|
Batting: RHB Mark Noftall
|
0-0: Foul Ball, location: 2F 0-1: Foul Ball, location: 2F 0-2: Reached on error, E4 (Groundball, 4, EV 90.6 MPH)
|
|
Batting: RHB Mike Chamberlain
|
0-0: Ball 1-0: Called Strike 1-1: Ground out 3-1 (Groundball, 34, EV 101.9 MPH) Mark Noftall to third
|
|
Batting: RHB Luis Vargas
|
0-0: Called Strike 0-1: Ball 1-1: Ball 2-1: Ball 3-1: Swinging Strike 3-2: Strikes out looking
|
| Bottom of the 5th over - 0 runs, 0 hits, 1 error, 1 left on base; Detroit 0 - London 5 |
| TOP OF THE 6TH |
|
Detroit Red Wings batting - Pitching for London Majors : RHP Shalom Diender
|
|
Batting: RHB Janne Vihko
|
0-0: Called Strike 0-1: Fly out, F9 (Flyball, 89S, EV 88.1 MPH)
|
|
Batting: RHB Jorge Lebron
|
0-0: Fly out, F8 (Flyball, 8RD, EV 103.8 MPH)
|
|
Batting: SHB Franklin Garza
|
0-0: Ball 1-0: Foul Ball, location: 2F 1-1: Called Strike 1-2: Strikes out swinging
|
| Top of the 6th over - 0 runs, 0 hits, 0 errors, 0 left on base; Detroit 0 - London 5 |
| BOTTOM OF THE 6TH |
|
London Majors batting - Pitching for Detroit Red Wings : LHP Jim Belcher
|
|
Batting: RHB Mikey Sano
|
0-0: Ball 1-0: Foul Ball, location: 2F 1-1: Foul Ball, location: 2F 1-2: Strikes out swinging
|
|
Batting: RHB Bobby Roldan
|
0-0: Foul Ball, location: 2F 0-1: Ball 1-1: Ball 2-1: Foul Ball, location: 2F 2-2: Strikes out swinging
|
|
Batting: RHB Rudolph Lentz
|
0-0: Ball 1-0: Foul Ball, location: 2F 1-1: Called Strike 1-2: Ground out 6-3 (Groundball, 6, EV 95.0 MPH)
|
| Bottom of the 6th over - 0 runs, 0 hits, 0 errors, 0 left on base; Detroit 0 - London 5 |
| TOP OF THE 7TH |
|
Detroit Red Wings batting - Pitching for London Majors : RHP Shalom Diender
|
|
Batting: LHB Iestyn Peacock
|
0-0: Ball 1-0: Swinging Strike 1-1: Called Strike 1-2: Ball 2-2: Foul Ball, location: 2F 2-2: Strikes out swinging
|
|
Batting: SHB Isaiah Bias
|
0-0: Swinging Strike 0-1: Foul Ball, location: 2F 0-2: Foul Ball, location: 2F 0-2: Ball 1-2: Foul Ball, location: 2F 1-2: Ball 2-2: Strikes out looking
|
|
Batting: RHB Seth Fox
|
0-0: Called Strike 0-1: Ball 1-1: Foul Ball, location: 2F 1-2: Strikes out swinging
|
| Top of the 7th over - 0 runs, 0 hits, 0 errors, 0 left on base; Detroit 0 - London 5 |
| BOTTOM OF THE 7TH |
|
London Majors batting - Pitching for Detroit Red Wings : LHP Jim Belcher
|
|
Batting: RHB Manny Elizondo
|
0-0: Ball 1-0: Called Strike 1-1: Foul Ball, location: 2F 1-2: Ball 2-2: Strikes out swinging
|
|
Batting: RHB Pete Duncan
|
0-0: Ball 1-0: Called Strike 1-1: Ball 2-1: Foul Ball, location: 2F 2-2: Ground out 4-3 (Groundball, 4, EV 103.8 MPH)
|
|
Batting: RHB Jorge Cruz
|
0-0: Called Strike 0-1: Ball 1-1: Foul Ball, location: 2F 1-2: Ball 2-2: Ground out 4-3 (Groundball, 4M, EV 94.4 MPH)
|
| Bottom of the 7th over - 0 runs, 0 hits, 0 errors, 0 left on base; Detroit 0 - London 5 |
| TOP OF THE 8TH |
|
Detroit Red Wings batting - Pitching for London Majors : RHP Shalom Diender
|
|
Batting: SHB Salvador Lacosta
|
0-0: Called Strike 0-1: SINGLE (Groundball, 4MS, EV 67.5 MPH) (infield hit)
|
|
Pinch Hitting: SHB Eisse Wijnja
|
0-0: Called Strike 0-1: Grounds into double play, 4-6-3 (Groundball, 4, EV 101.9 MPH)
|
|
Batting: RHB Carlos Avila
|
0-0: Called Strike 0-1: Ball 1-1: Foul Ball, location: 2F 1-2: Strikes out swinging
|
| Top of the 8th over - 0 runs, 1 hit, 0 errors, 0 left on base; Detroit 0 - London 5 |
| BOTTOM OF THE 8TH |
|
London Majors batting - Pitching for Detroit Red Wings : LHP Jim Belcher
|
|
Now in LF: Cody Kafer
|
|
|
Batting: RHB Mark Noftall
|
0-0: Fly out, F7 (Flyball, 7LS, EV 93.1 MPH)
|
|
Batting: RHB Mike Chamberlain
|
0-0: Ball 1-0: Fly out, F9 (Line Drive, 9S, EV 89.4 MPH)
|
|
Batting: RHB Luis Vargas
|
0-0: Ball 1-0: Called Strike 1-1: Foul Ball, location: 2F 1-2: Ball 2-2: Ball 3-2: Strikes out swinging
|
| Bottom of the 8th over - 0 runs, 0 hits, 0 errors, 0 left on base; Detroit 0 - London 5 |
| TOP OF THE 9TH |
|
Detroit Red Wings batting - Pitching for London Majors : RHP Shalom Diender
|
|
Batting: RHB Janne Vihko
|
0-0: Called Strike 0-1: Fly out, F9 (Flyball, 9LS, EV 76.9 MPH)
|
|
Batting: LHB Jamie Christian
|
0-0: Ball 1-0: Called Strike 1-1: Fly out, F7 (Flyball, 7, EV 90.0 MPH)
|
|
Pinch Hitting: RHB Juan Perez
|
0-0: Ball 1-0: Ball 2-0: SINGLE (Line Drive, 8RS, EV 90.6 MPH)
|
|
Batting: LHB Iestyn Peacock
|
0-0: Ball 1-0: Swinging Strike 1-1: Ball 2-1: Swinging Strike 2-2: Strikes out swinging
|
| Top of the 9th over - 0 runs, 1 hit, 0 errors, 1 left on base; Detroit 0 - London 5 |
|